 Dungeon Crawl Stone Soup version 0.30-a0-672-gc3a7216ad8 (webtiles) character file.

Game seed: 16447901847974800712

88 Leeroy the Slasher (level 4, -4/26 HPs)
             Began as a Tengu Warper on Jan 18, 2023.
             Slain by an ice beast (12 damage)
             ... on level 4 of the Dungeon.
             The game lasted 00:03:05 (2497 turns).

Leeroy the Slasher (Tengu Warper)                   Turns: 2497, Time: 00:03:05

Health: -4/26      AC:  3    Str: 11    XL:     4   Next: 53%
Magic:  8/8        EV: 12    Int: 14    God:
Gold:   135        SH:  0    Dex: 15    Spells: 2/7 levels left

rFire   . . .      SeeInvis .    a - +0 falchion
rCold   . . .      Faith    .    (no shield)
rNeg    . . .      Spirit   .    l - +1 robe {Will+}
rPois   .          Reflect  .    (helmet restricted)
rElec   .          Harm     .    (no cloak)
rCorr   .          Rampage  .    (no gloves)
Will    +....                    (boots unavailable)
Stlth   +                        (no amulet)
HPRegen 0.24/turn                (no ring)
MPRegen 0.11/turn                (no ring)

@: no status effects
A: beak, talons 3
a: no special abilities


You were on level 4 of the Dungeon.
You visited 2 branches of the dungeon, and saw 6 of its levels.

You collected 135 gold pieces.

Inventory:

Hand Weapons
 a - a +0 falchion (weapon)
Missiles
 d - 7 boomerangs of dispersal (quivered)
 r - 2 boomerangs
 y - 8 poisoned darts
Armour
 b - a +0 leather armour
 g - a +0 ring mail
 l - a +1 robe of willpower (worn)
Jewellery
 f - an amulet of reflection
 A - a +4 ring of protection
Wands
 C - a wand of polymorph (8)
Scrolls
 e - a scroll of immolation {unknown}
 i - 4 scrolls of identify {unknown}
 q - a scroll of enchant weapon {unknown}
 t - 3 scrolls of torment {unknown}
 u - a scroll of fog {unknown}
 v - 2 scrolls of poison {unknown}
 w - 2 scrolls of teleportation {unknown}
Potions
 h - a potion of haste {unknown}
 j - a potion of lignification {unknown}
 k - a potion of magic {unknown}
 m - a potion of heal wounds
 n - a potion of invisibility {unknown}
 o - 2 potions of attraction {unknown}
 p - a potion of degeneration {unknown}
 s - a potion of mutation {unknown}
 x - a potion of brilliance {unknown}
 z - a potion of cancellation {unknown}
 B - a potion of curing {unknown}


   Skills:
 - Level 2.0 Fighting
 + Level 5.1 Long Blades
 - Level 1.0 Throwing
 - Level 1.1 Armour
 - Level 2.1 Dodging
 - Level 2.0 Spellcasting
 - Level 2.4 Translocations


You had 2 spell levels left.
You knew the following spells:

 Your Spells              Type           Power      Damage    Failure   Level
a - Blink                 Tloc           16%        N/A       14%         2
b - Vhi's Electric Charg  Tloc/Air       8%         N/A       41%         3

Your spell library contained the following spells:

 Spells                   Type           Power      Damage    Failure   Level
 Lesser Beckoning         Tloc           16%        N/A       14%         2
 Sandblast                Erth           2%         2d4       24%         1
 Cigotuvi's Dreadful Rot  Necr/Pois/Air  2%         N/A       34%         2
 Ensorcelled Hibernation  Hex/Ice        2%         N/A       34%         2
 Passwall                 Tmut/Erth      0%         N/A       34%         2
 Gell's Gravitas          Tloc           8%         N/A       26%         3
 Teleport Other           Tloc           8%         N/A       26%         3
 Stone Arrow              Conj/Erth      2%         3d7       56%         3
 Swiftness                Air            1%         N/A       56%         3
 Manifold Assault         Tloc           8%         N/A       65%         4
 Dispel Undead            Necr           1%         3d6       93%         4
 Death Channel            Necr           0%         N/A       100%        6
 Dispersal                Tloc           4%         N/A       100%        6


Dungeon Overview and Level Annotations

Branches:
Dungeon (5/15)             Temple (1/1) D:5

Altars:
Cheibriados
Fedhas
Gozag
Hepliaklqana
Nemelex Xobeh
Okawaru
Ru
Sif Muna
Vehumet
Xom
Zin
The Shining One

Shops:
D:3 *

Annotations:
D:3 1 runed translucent door, Crazy Yiuf
D:5 Dowan, Duvessa


Innate Abilities, Weirdness & Mutations

You have a beak for a mouth.
You have claws for feet.


Message History

It was a potion of heal wounds.
You feel much better.
You feel sick.
You start resting.
You feel sick. x4
You are no longer poisoned.
You start resting.
HP restored.
You start resting.
Magic restored.
A scorpion comes into view.
A scorpion is nearby!
There is a stone staircase leading down here.
Okay, then.
Okay, then.
Okay, then.
Found a There-And-Back Book.
An endoplasm comes into view.
You see here a There-And-Back Book.
You see here a There-And-Back Book.
You pick up a There-And-Back Book and begin reading...
You add the spells Gell's Gravitas and Dispersal to your library.
The endoplasm quivers.
You slash the endoplasm!
You kill the endoplasm!
No target in view!
No target in view!
No target in view!
No target in view!
Okay, then.
Found a stone staircase leading up.
Okay, then.
You hit the ice beast but do no damage.
You peck the ice beast, but do no damage.
The ice beast barely misses you.
You closely miss the ice beast. You claw the ice beast.
The ice beast is lightly wounded.
The ice beast hits you. The ice beast freezes you!
You are too injured to fight recklessly!
You hit the ice beast. Your peck misses the ice beast.
The ice beast is moderately wounded.
The ice beast hits you. The ice beast freezes you!
You die...

+.....+..........o)§..o.###+#.#
###.................l............
..+.....P.P...♣♣♣♣.._..♣♣♣♣..PPPP
###...?................. .... .
####'####..............#.## ### #
.....# #.................. .....#
#.......##.#...#.## ......#
#......Y.#........
.........#######@#.##..#.#
.................#..#..#.#
......)...............##.#
......................##.#
......................##.#
.#####+#<..#.#..# #.#####.#.##
##.......#.#########
...######..........#


You could see an ice beast.

Vanquished Creatures
  Jessica (D:2)
  A worm (D:2)
  4 dart slugs
  5 orcs
  3 endoplasms
  A giant cockroach (D:3)
  3 hobgoblins
  A quokka (D:2)
  5 ball pythons
  8 bats
  2 frilled lizards
  3 goblins
  6 kobolds
  4 rats
47 creatures vanquished.

Vanquished Creatures (others)
  2 fungi (D:4)
2 creatures vanquished.

Grand Total: 49 creatures vanquished

Notes
Turn   | Place    | Note
-------+----------+-------------------------------------------
     0 | D:1      | Leeroy the Tengu Warper began the quest for the Orb.
     0 | D:1      | Reached XP level 1. HP: 12/12 MP: 4/4
   686 | D:1      | Reached skill level 3 in Long Blades
   686 | D:1      | Reached XP level 2. HP: 17/17 MP: 6/6
   754 | D:1      | Learned a level 2 spell: Blink
  1152 | D:2      | Noticed Jessica
  1156 | D:2      | Reached XP level 3. HP: 21/21 MP: 7/7
  1161 | D:2      | Killed Jessica
  1162 | D:2      | Reached skill level 4 in Long Blades
  1298 | D:2      | Reached XP level 4. HP: 26/26 MP: 8/8
  1435 | D:2      | Learned a level 3 spell: Vhi's Electric Charge
  1747 | D:3      | Found a snail-covered altar of Cheibriados.
  1749 | D:3      | Found a shimmering altar of Xom.
  1749 | D:3      | Found a glowing golden altar of the Shining One.
  1751 | D:3      | Found a hazy altar of Hepliaklqana.
  1751 | D:3      | Found a radiant altar of Vehumet.
  1751 | D:3      | Found a shimmering altar of Xom.
  1807 | D:3      | Found Zin's Purification Station.
  1817 | D:3      | Found a glowing silver altar of Zin.
  1854 | D:3      | Reached skill level 5 in Long Blades
  1959 | D:3      | Found a runed translucent door.
  1960 | D:3      | Noticed Crazy Yiuf
  2195 | D:4      | Found a sparkling altar of Nemelex Xobeh.
  2199 | D:4      | Noticed an ice beast
  2212 | D:4      | Noticed an ogre
  2238 | D:5      | Entered Level 5 of the Dungeon
  2238 | D:5      | Found a staircase to the Ecumenical Temple.
  2321 | D:5      | Noticed Duvessa
  2322 | D:5      | Noticed Dowan
  2326 | Temple   | Entered the Ecumenical Temple
  2411 | D:5      | Noticed a water moccasin
  2454 | D:4      | Noticed a scorpion
  2497 | D:4      | Slain by an ice beast

Illustrated notes

Levels and vault maps discovered:
D:1:      lemuel_arrival_broad_hall, layout_basic
D:2:      layout_basic, uniq_jessica
D:3:      layout_rooms, doesnt_xom_only_xom, zin_purify, uniq_crazy_yiuf_cottage
D:4:      layout_basic, mainiacjoe_overflow_boulevard, uniq_blork_the_orc
D:5:      nicolae_cairo_tiling, layout_cave_pools,
          minmay_temple_entry_purple_smoke, uniq_menkaure, uniq_prince_ribbit1,
          uniq_duvessa
Temple:   nicolae_temple_cloud_nine

Skill      XL: |  1  2  3  4 |
---------------+-------------+-----
Long Blades    | 3 4 5 |  5.1
Fighting       | |  2.0
Throwing       | |  1.0
Armour         | |  1.1
Dodging        | |  2.1
Spellcasting   | |  2.0
Translocations | |  2.4

Action                   |  1- 3 |  4- 6 || total
-------------------------+-------+-------++-------
Melee: Falchion          |    45 |    50 ||    95
       Peck              |     7 |     7 ||    14
       Kick              |    10 |    11 ||    21
       Punch             |       |     1 ||     1
 Cast: Blink             |       |     2 ||     2
  Use: Scroll            |       |     2 ||     2
       Potion            |       |     1 ||     1
 Stab: Sleeping          |     1 |       ||     1
Armor: Leather armour    |     7 |       ||     7
       Ring mail         |     6 |       ||     6
       Robe              |       |    18 ||    18
Dodge: Dodged            |    24 |    56 ||    80

Table legend: (Time is in decaauts)
 A = Elapsed time spent in this place.
 B = Non-inter-level travel time spent in this place.
 C = Inter-level travel time spent in this place.
 D = Time resting spent in this place.
 E = Time spent auto-exploring this place.
 F = Levels seen in this place.
 G = Mean time per level.
                   A        B        C        D        E       F      G
               +--------+--------+--------+--------+--------+-----+--------+
         Total |   2505 |   2442 |     63 |    109 |   1915 |   6 |  417.5 |
       Dungeon |   2434 |   2371 |     63 |    109 |   1853 |   5 |  486.8 |
        Temple |     70 |     70 |      0 |      0 |     62 |   1 |   70.0 |
               +--------+--------+--------+--------+--------+-----+--------+

Top non-repeatable levels by time:
     D:1: 1004 daAuts
     D:2: 613 daAuts
     D:3: 519 daAuts
     D:4: 187 daAuts
     D:5: 109 daAuts
  Temple: 70 daAuts
